 Dungeon Crawl Stone Soup version 0.31.0-11-ge490571c62 (webtiles) character file.

Game seed: 9416917117163007715

76 Gadfly the Ruffian (level 4, 33/33 HPs)
             Began as a Demonspawn Shapeshifter on Jan 27, 2024.
             Quit the game on level 2 of the Dungeon.
             The game lasted 00:01:37 (1422 turns).

Gadfly the Ruffian (Demonspawn Shapeshifter)        Turns: 1422, Time: 00:01:37

Health: 33/33      AC:  2    Str: 17    XL:     4   Next: 12%
Magic:  4/4        EV: 12    Int: 10    God:
Gold:   87         SH:  5    Dex: 12    Spells: 3/3 levels left

rFire   . .          .
                       - Unarmed
rCold   . . .        (no shield)
rNeg    . . .        a - +0 animal skin
rPois   .            (helmet currently unavailable)
rElec   .            (cloak currently unavailable)
rCorr   .            (gloves currently unavailable)
SInv    .            (boots currently unavailable)
Will    .....        g - amulet of reflection
Stlth   +            (no ring)
HPRegen 1.25/turn    (no ring)
MPRegen 0.09/turn

%: reflection
@: beast-form
A: beast (slay +1), powered by death 1, demonic magic 1, weakness stinger 1
a: Begin Untransformation


You were on level 2 of the Dungeon.
You were a hulking beast.
You visited 1 branch of the dungeon, and saw 2 of its levels.

You collected 87 gold pieces.

Inventory:

Armour
 a - a +0 animal skin (worn)
Jewellery
 g - an amulet of reflection (around neck)
Talismans
 c - a beast talisman
 d - a flux talisman
Scrolls
 l - a scroll of identify
Potions
 b - 2 potions of lignification
 e - a potion of berserk rage
 f - a potion of brilliance {unknown}
 h - 2 potions of might
 i - a potion of cancellation {unknown}
 j - a potion of curing {unknown}
 k - a potion of heal wounds {unknown}
 m - a potion of mutation {unknown}


   Skills:
 + Level 1.7 Fighting
 * Level 2.4 Dodging
 + Level 3.0 Unarmed Combat
 * Level 2.1 Evocations
 + Level 2.9 Shapeshifting


You had 3 spell levels left.
You didn't know any spells.
Your spell library was empty.

Dungeon Overview and Level Annotations

Branches:
Dungeon (2/15)

Altars:
Trog


Innate Abilities, Weirdness & Mutations

You are a hulking beast.
Your limbs bulge with bestial killing power. (Slay +1)
You regenerate a little health from kills.
Spells you cast may paralyse adjacent enemies.
You have a small tail.


Message History

The jackal bites you.
You barely miss the jackal. You block the jackal's attack.
The jackal closely misses you. The jackal barely misses you.
You closely miss the jackal. You block the jackal's attack.
The jackal bites you. x2
You hit the jackal. You tail-slap the jackal.
The jackal is almost dead.
The jackal bites you.
The jackal bites you but does no damage.
You hit the jackal.
You kill the jackal!
The jackal bites you.
You hit the jackal.
The jackal is lightly wounded.
The jackal closely misses you.
You completely miss the jackal.
The jackal is lightly wounded.
The jackal closely misses you.
The jackal bites you but does no damage.
You closely miss the jackal.
The jackal is lightly wounded.
The jackal bites you but does no damage.
You closely miss the jackal.
The jackal is lightly wounded.
The jackal barely misses you.
You hit the jackal.
You kill the jackal!
No target in view!
No target in view!
No target in view!
No target in view!
No target in view!
No target in view!
No target in view!
No target in view!
No target in view!
No target in view!
No target in view!
No target in view!
Are you sure you want to abandon this character and quit the game? (Confirm with "yes".)

###.#####.############
.....[..#.#
........#.#########
..................#
..................#
...)..............#
..................######
........#.######.......#
........#.# #h†.....#
######.##.# #††.....#
#.##.######.......#
#.##......#........
#.##.####.#........
#.......# .........
#..####.# #....$... #..#
# #..#.#.#. #..# #


There were no monsters in sight!

Vanquished Creatures
  2 adders (D:2)
  A ribbon worm (D:2)
  2 dart slugs (D:1)
  3 orcs (D:2)
  4 endoplasms
  2 giant cockroaches
  7 goblins
  4 hobgoblins
  2 jackals (D:2)
  4 ball pythons
  4 bats
  2 frilled lizards (D:1)
  5 kobolds
  5 rats
47 creatures vanquished.

Notes
Turn   | Place    | Note
-------+----------+-------------------------------------------
     0 | D:1      | Gadfly the Demonspawn Shapeshifter began the quest for the
                  | Orb.
     0 | D:1      | Reached XP level 1. HP: 15/15 MP: 1/1
   170 | D:1      | Gained mutation: You have a small tail. [demonic ancestry]
   170 | D:1      | Reached XP level 2. HP: 21/21 MP: 2/2
   323 | D:1      | Reached skill level 1 in Evocations
   760 | D:2      | Found a bloodstained altar of Trog.
   853 | D:2      | Gained mutation: You regenerate a little health from kills.
                  | [demonic ancestry]
   853 | D:2      | Reached XP level 3. HP: 17/26 MP: 3/3
  1389 | D:2      | Reached skill level 3 in Unarmed Combat
  1409 | D:2      | Gained mutation: Spells you cast may paralyse adjacent
                  | enemies. [demonic ancestry]
  1409 | D:2      | Reached XP level 4. HP: 32/33 MP: 4/4
  1422 | D:2      | Quit the game

Illustrated notes

Levels and vault maps discovered:
D:1:      ncdulo_watergridlock, layout_loops_ring
D:2:      layout_basic, basic_altar, minmay_heptomino_l4

Skill      XL: |  1  2  3 |
---------------+----------+-----
Dodging        | 2 |  2.4
Evocations     | 1 2 |  2.1
Unarmed Combat | 3 |  3.0
Fighting       | |  1.7
Shapeshifting  | |  2.9

Action                     |  1- 3 |  4- 6 || total
---------------------------+-------+-------++-------
  Melee: Unarmed           |   110 |    12 ||   122
         Punch             |     3 |       ||     3
         Tailslap          |    14 |     1 ||    15
    Use: Scroll            |     2 |       ||     2
         Potion            |     1 |       ||     1
   Stab: Sleeping          |     2 |       ||     2
 Armour: Animal skin       |    48 |    13 ||    61
  Dodge: Dodged            |    48 |     6 ||    54
  Block: Other             |    11 |     3 ||    14
         Reflection        |     1 |       ||     1
